Cogmind - Beta 10.2 @@@ ROGUE MODE // 2022.01.22 @ 21:47:28 Player: SergeMan Result: Destroyed by G-67 Veteran with Plasma Rifle Performance ------------- Evolutions (7) 3500 Regions Visited (16) 3200 Robots Destroyed (280) 1400 Value Destroyed (9992) 9992 Prototype IDs (60) 1200 Alien Tech Used (2) 400 Bonus (2388) 2388 TOTAL SCORE: 22080 Bonus ------- High Alert Combat Kills 1756 Follower Combat Kills 32 Aligned with FarCom 300 Met Zhirov 300 Cogmind --------- Core Integrity 0/1300 Matter 300/300 Energy 100/100 System Corruption 2% Temperature Cool (12) Movement Core (300) Ox5 Location -3/Research Parts ------- > --- POWER (2) -------- (None) > --- PROPULSION (5) --- (None) > --- UTILITY (10) ----- Advanced Coolant Injector Large Storage Unit System Shield > --- WEAPON (4) ------- (None) > --- INVENTORY (10) --- Light Antimatter Reactor Experimental Cooling System Experimental Cooling System Improved Recalibrator Peak State ------------ > --- POWER ------------ Micro Fission Core Heavy Antimatter Reactor > --- PROPULSION ------- Combat Airjet Antigrav System Antigrav System Antigrav System Cooled Gravmag System > --- UTILITY ---------- Experimental Cooling System Experimental Cooling System Large Storage Unit Enhanced Optical Array Precision Energy Filter Improved Particle Charger Reaction Control System Experimental Propulsion Shielding Improved Focal Shield System Shield > --- WEAPON ----------- High-powered Shock Rifle Tesla Rifle Phase Cannon > --- INVENTORY -------- Antigrav System Combat Gravmag System Improved Medium Armor Plating Improved Recalibrator [Rating: 117] Favorites ----------- Power Cooled Ion Engine Engine Cooled Ion Engine Power Core Fission Core Reactor Heavy Antimatter Reactor Propulsion Armored Treads Treads Armored Treads Leg Aluminum Leg Wheel Wheel Hover Unit Aerolev Unit Flight Unit Flight Unit Utility Large Storage Unit Device Improved Heat Sink Storage Large Storage Unit Processor Enhanced Optical Array Hackware System Shield Protection Hardened Medium Armor Plating Weapon Heavy EM Shotgun Energy Gun Heavy EM Shotgun Energy Cannon Advanced Beam Cannon Ballistic Gun Assault Rifle Ballistic Cannon AWS/Autocannon Launcher Grenade Launcher Special Weapon Remote Datajack Build | -11 -10 -10 -9 -9 -9 -8 -8 -7 -6 -5 -5 -5 -5 -4 -4 -3 ------- Run | Scr Mat Min Mat Min Exi Min Mat Fac Fac Fac Upp Upp Zhi Pro Fac Res Slots Evolved 14 | . . . 2 . . . 2 2 2 2 . . . . 2 2 Power 1 | . . . . . . . . . 1 . . . . . . . Propulsion 3 | . . . 1 . . . . 1 . . . . . . . 1 Utility 8 | . . . 1 . . . 1 1 1 2 . . . . 1 1 Weapon 2 | . . . . . . . 1 . . . . . . . 1 . Parts Attached 358 | 2 17 7 40 12 2 10 66 35 37 47 16 9 10 1 33 14 Power 35 | . 2 1 6 1 . 1 5 2 5 5 . 2 1 . 1 3 Engine 20 | . 2 1 6 1 . 1 4 2 2 . . . . . . 1 Core 13 | . . . . . . . 1 . 3 5 . 2 . . 1 1 Reactor 2 | . . . . . . . . . . . . . 1 . . 1 Propulsion 89 | 2 7 1 13 7 . 5 18 6 7 9 1 1 2 . 4 6 Treads 40 | 1 4 . 13 1 . 1 15 4 . . . . . . . 1 Leg 12 | . . . . 5 . 4 . 1 . . . . 1 . . 1 Wheel 8 | 1 3 1 . . . . 2 1 . . . . . . . . Hover 28 | . . . . . . . 1 . 7 9 1 1 1 . 4 4 Flight 1 | . . . . 1 . . . . . . . . . . . . Utility 105 | . 2 1 10 2 . 3 13 17 10 18 6 3 6 . 10 4 Device 61 | . . 1 3 1 . 2 4 9 6 15 4 2 4 . 7 3 Storage 14 | . 1 . 1 1 . . 4 4 . . 1 . 1 . 1 . Processor 7 | . . . . . . 1 1 1 2 2 . . . . . . Hackware 7 | . 1 . . . . . 1 1 2 1 . . . . 1 . Protection 16 | . . . 6 . . . 3 2 . . 1 1 1 . 1 1 Artifact . | . . . . . . . . . . . . . . . . . Weapon 129 | . 6 4 11 2 2 1 30 10 15 15 9 3 1 1 18 1 Energy Gun 87 | . 2 1 2 . 2 . 23 9 14 13 6 2 . 1 12 . Energy Cannon 11 | . . . 6 2 . . . . . 2 . . . . 1 . Ballistic Gun 21 | . 3 2 2 . . 1 4 1 . . 1 1 1 . 4 1 Ballistic Cannon 6 | . . . . . . . 3 . . . 2 . . . 1 . Launcher 3 | . 1 1 1 . . . . . . . . . . . . . Special Weapon 1 | . . . . . . . . . 1 . . . . . . . Impact Weapon . | . . . . . . . . . . . . . . . . . Slashing Weapon . | . . . . . . . . . . . . . . . . . Piercing Weapon . | . . . . . . . . . . . . . . . . . Special Melee Weapon . | . . . . . . . . . . . . . . . . . Unidentified Prototypes 18 | . . . 2 . . . 2 1 1 3 . . 7 . 1 1 Parts Lost 96 | . 4 2 5 6 . 2 3 13 4 14 3 5 . . 12 23 Power 10 | . . . . 1 . . . 1 2 1 . 1 . . 1 3 Propulsion 24 | . 2 . 2 2 . 1 1 4 . 3 . 1 . . . 8 Utility 24 | . . 1 1 1 . . . 3 . 6 . . . . 4 8 Weapon 38 | . 2 1 2 2 . 1 2 5 2 4 3 3 . . 7 4 Highest Loss Streak 23 | . 3 1 4 2 . 1 1 9 2 6 2 2 . . 6 23 Average Slot Usage (%) 95 | . 99 97 94 98 100 99 93 95 90 96 99 99 98 100 96 75 Engine 6 | . 14 14 11 10 11 11 4 6 2 . . . . . . . Core 2 | . . . . . . . 4 . 9 10 11 10 6 5 5 2 Treads 16 | . 15 14 27 18 11 9 23 25 1 . . . . . . . Leg 2 | . . . . 12 22 23 . . . . . . . . . . Wheel 2 | . 11 14 . . . . 2 . . . . . . . . . Hover 5 | . . . . . . . . . 20 22 23 23 22 23 20 19 Device 12 | . . 7 11 11 11 11 8 9 21 23 26 27 28 29 24 18 Storage 12 | . 14 14 11 15 22 22 18 15 7 5 5 5 5 5 5 4 Processor 2 | . . . . . . . 3 . 2 8 6 5 5 5 5 3 Hackware 4 | . 13 4 . . . . 2 5 3 4 5 5 5 5 9 4 Protection 3 | . . . 10 6 . . 3 5 . . . 1 . . . 3 Energy Gun 11 | . 6 8 . . 9 15 18 21 17 16 15 10 5 6 11 6 Energy Cannon 4 | . . . 18 21 12 . . . . . . . . . . 3 Ballistic Gun 4 | . 19 18 2 . . 6 . . . . . 5 10 9 6 . Naked Turns . | . . . . . . . . . . . . . . . . . Heaviest Build 99 | 11 42 43 53 41 40 38 99 63 61 58 58 58 62 63 69 80 Greatest Support 87 | 10 40 20 63 63 20 36 60 80 55 66 66 66 66 66 71 87 Greatest Overweight (x) 20 | 1 4 4 4 4 1 1 13 2 3 1 . . 20 2 1 5 Average Overweight (x) . | 1 2 3 . . 1 . 1 . . . . . . . . . Largest Inventory Capacity 16 | 6 12 12 12 14 14 14 16 16 16 10 10 10 10 10 10 10 Average Capacity 12 | 6 11 12 11 11 14 14 14 16 11 10 10 10 10 10 10 10 Most Carried 16 | 6 11 12 12 14 13 12 16 16 16 10 10 10 10 10 10 8 Average Carried 11 | 5 8 10 11 9 11 10 12 14 10 9 9 9 9 9 7 6 Final Capacity 16 | 6 12 12 10 14 14 14 16 16 10 10 10 10 10 10 10 10 Final Carried 16 | 3 11 12 10 13 10 12 16 13 10 10 10 10 10 10 6 4 Class Distribution -------------------- 32% | Mutant 22% | Skirmisher 19% | Scavenger-Mutant 13% | Scavenger-Skirmisher 6% | Tank 4% | Scavenger-Tank Dominant Class ---------------- Mutant | -10/Materials Mutant | -10/Mines Mutant | -9/Materials Scavenger-Mutant | -9/Mines Scavenger-Mutant | -9/Exiles Scavenger-Mutant | -8/Mines Scavenger-Skirmisher | -8/Materials Skirmisher | -7/Factory Tank | -6/Factory Tank | -5/Factory Tank | -5/Upper Caves Scavenger-Tank | -5/Upper Caves Scavenger-Mutant | -5/Zhirov Scavenger-Tank | -4/Proximity Caves Scavenger-Skirmisher | -4/Factory Scavenger-Mutant | -3/Research Resources | -11 -10 -10 -9 -9 -9 -8 -8 -7 -6 -5 -5 -5 -5 -4 -4 -3 ----------- Run | Scr Mat Min Mat Min Exi Min Mat Fac Fac Fac Upp Upp Zhi Pro Fac Res Matter Collected 4643 | 220 474 140 520 95 . 160 843 310 377 393 315 127 120 82 371 96 Remotely . | . . . . . . . . . . . . . . . . . Salvage Created 13080 | . 744 195 2392 520 . 331 2999 1539 745 1213 385 283 307 444 593 390 Parts 581 | . 34 13 132 30 . 15 128 68 21 64 9 15 2 1 32 17 Haulers Intercepted 20 | . 2 . 5 . . . 6 1 2 2 . . . . 1 1 Recyclers Shooed . | . . . . . . . . . . . . . . . . . Parts Field Recycled . | . . . . . . . . . . . . . . . . . Retrieved Matter . | . . . . . . . . . . . . . . . . . Parts Self-Destructed 21 | . . . . . . . . . . . 3 15 2 1 . . Prevented 6 | . . . . . . . . . . . 4 2 . . . . Kills | -11 -10 -10 -9 -9 -9 -8 -8 -7 -6 -5 -5 -5 -5 -4 -4 -3 ------- Run | Scr Mat Min Mat Min Exi Min Mat Fac Fac Fac Upp Upp Zhi Pro Fac Res Combat Hostiles Destroyed 218 | . 12 11 54 12 . 8 56 26 6 11 4 8 . 1 6 3 Guns 112 | . 12 7 7 . . 8 28 19 5 9 3 8 . 1 4 1 Cannons 79 | . . . 45 11 . . 21 . . . . . . . 2 . AOE 14 | . . 4 2 . . . 5 3 . . . . . . . . Classes Destroyed 16 | . 7 1 1 1 . 1 3 1 . . 1 . . . . . Worker 7 | . 2 . . . . . 1 3 . 1 . . . . . . Builder 6 | . 1 . . . . . 2 1 . 1 . . . . . 1 Hauler 20 | . 2 . 5 . . . 6 1 2 2 . . . . 1 1 Recycler 3 | . . . . . . . 1 . 1 1 . . . . . . Mechanic 2 | . . . . . . . 2 . . . . . . . . . Operator 10 | . 2 . 2 . . . 4 . 1 1 . . . . . . Watcher 18 | . 3 . 3 . . . 5 1 . 4 . . . . 2 . Swarmer 42 | . 2 5 13 3 . 2 7 . 1 3 . 6 . . . . Grunt 105 | . 10 2 31 5 . 4 31 13 1 2 2 1 . 1 . 2 Brawler 6 | . . . . . . 1 3 . 1 . 1 . . . . . Duelist 4 | . . . . 2 . 1 1 . . . . . . . . . Sentry 31 | . . . 10 2 . . 10 6 1 . . 1 . . 1 . Hunter 12 | . . . . . . . 4 3 . 4 . . . . . 1 Programmer 13 | . . . . . . . . 4 2 2 . . . . 5 . Assembled 4 | . . 4 . . . . . . . . . . . . . . Mutant 1 | . . . . . . . . . . . 1 . . . . . Best Kill Streak 12 | . 9 4 6 3 . 3 7 9 3 12 3 5 . 1 2 2 Combat Bots Only 7 | . 3 4 6 3 . 3 6 7 3 7 3 5 . 1 2 2 Max Kills in Single Turn 2 | . 2 2 1 1 . 1 2 2 1 2 1 2 . 1 1 1 Gunslinging 1 | . . 1 . . . . . . . . . 1 . . . . Exploded 2 | . . 2 1 . . . 2 1 . . . . . . . . Melee . | . . . . . . . . . . . . . . . . . Uniques/NPCs Destroyed . | . . . . . . . . . . . . . . . . . Combat | -11 -10 -10 -9 -9 -9 -8 -8 -7 -6 -5 -5 -5 -5 -4 -4 -3 -------- Run | Scr Mat Min Mat Min Exi Min Mat Fac Fac Fac Upp Upp Zhi Pro Fac Res Damage Taken 16067 | . 759 202 1532 651 . 388 2070 2326 638 1569 326 505 . 55 1236 3810 Core 2523 | . 112 31 157 33 . 49 113 138 115 203 74 27 . 14 152 1305 Absorbed by Shields 25 | . . . . . . . . . 25 . . . . . . . Core Remaining (%) 71 | 100 . 42 . . . 40 79 80 86 . . . . 62 86 . Volleys Fired 608 | . 74 13 140 34 . 24 81 62 26 43 20 13 11 17 33 17 Largest 4 | . 2 2 2 2 . 2 3 3 3 3 3 3 1 3 4 3 Hottest 293 | . 70 70 136 136 . 112 172 180 225 225 225 178 75 131 293 215 Shots Fired 1461 | . 138 25 264 63 . 48 316 165 69 105 53 36 11 35 92 41 Gun 1097 | . 136 22 72 . . 48 231 165 69 105 53 36 11 35 87 27 Cannon 358 | . . . 191 63 . . 85 . . . . . . . 5 14 Launcher 6 | . 2 3 1 . . . . . . . . . . . . . Special . | . . . . . . . . . . . . . . . . . Kinetic 326 | . 108 10 45 . . 10 97 . . . . 13 . 18 25 . Thermal 580 | . 2 . 162 40 . 38 25 131 14 34 40 23 11 17 29 14 Explosive 6 | . 2 3 1 . . . . . . . . . . . . . Electromagnetic 549 | . 26 12 56 23 . . 194 34 55 71 13 . . . 38 27 Robot Hit Streak 50 | . 22 3 18 26 . 27 25 50 29 18 17 4 8 14 9 4 Robot Miss Streak 7 | . 3 4 3 3 . 1 7 4 2 3 2 3 1 4 4 3 Penetration Max . | . . . . . . . . . . . . . . . . . Secondary Targets 12 | . 1 1 1 . . 2 3 1 1 . . 1 . . 1 . Max Gunslinging Chain 1 | . 1 1 1 . . 1 1 1 1 . . 1 . . 1 . Autonomous 86 | . . . . . . . 86 . . . . . . . . . Shots Hit Robots 1053 | . 104 13 171 47 . 34 260 131 56 71 36 21 10 20 55 24 Core Hits 458 | . 35 13 72 14 . 14 123 56 26 32 12 10 8 9 21 13 Critical Hits 28 | . . . 15 3 . . 7 1 . 1 . . . . 1 . Critical Kills 10 | . . . 5 . . . 3 . . 1 . . . . 1 . Critical Parts Destroyed 15 | . . . 9 3 . . 2 1 . . . . . . . . Melee Attacks . | . . . . . . . . . . . . . . . . . Impact . | . . . . . . . . . . . . . . . . . Slashing . | . . . . . . . . . . . . . . . . . Piercing . | . . . . . . . . . . . . . . . . . Sneak Attacks . | . . . . . . . . . . . . . . . . . Combat Hostiles . | . . . . . . . . . . . . . . . . . Follow-up Attacks . | . . . . . . . . . . . . . . . . . Damage Inflicted 27218 | . 1518 330 3383 912 . 547 9981 3874 920 1987 713 368 217 369 1376 723 Guns 14599 | . 1347 138 550 . . 547 2972 3151 857 1816 713 368 217 369 1095 459 Cannons 10092 | . . . 2667 912 . . 6114 . . . . . . . 182 217 Explosions 2210 | . 171 192 166 . . . 895 723 63 . . . . . . . Melee . | . . . . . . . . . . . . . . . . . Ramming 317 | . . . . . . . . . . 171 . . . . 99 47 Kinetic 8092 | . 1011 68 328 . . 124 6212 . . . . 64 . 104 181 . Thermal 10352 | . 196 . 1736 555 . 423 1153 3266 320 615 491 304 217 265 594 217 Explosive 332 | . . 192 140 . . . . . . . . . . . . . Electromagnetic 8125 | . 311 70 1179 357 . . 2616 608 600 1201 222 . . . 502 459 Impact . | . . . . . . . . . . . . . . . . . Slashing . | . . . . . . . . . . . . . . . . . Piercing . | . . . . . . . . . . . . . . . . . Highest Corruption 11 | . 1 1 1 1 1 1 6 3 6 2 2 2 2 2 11 2 Average Corruption 2 | . 1 1 1 1 1 1 5 1 3 1 2 2 2 2 3 1 Corruption Purged 3 | . . . . . . . . 1 1 1 . . . . . . Effects 219 | . 6 2 17 5 3 1 114 9 19 8 9 3 4 6 13 . Message Errors 57 | . 2 1 11 3 . . 25 1 3 2 4 1 1 1 2 . Matter Fused 26 | . . . . . . . 19 . 5 . . . . . 2 . Heat Flow Errors 18 | . . . . . . . 13 1 2 . 1 . . 1 . . Energy Discharges 23 | . 1 1 . 2 1 . 11 2 1 1 . . 2 1 . . Parts Rejected 1 | . . . . . . . 1 . . . . . . . . . Data Loss (minor) 32 | . 1 . 2 . 2 . 15 1 5 2 2 . 1 1 . . Data Loss (major) 4 | . . . . . . . 3 . . . . . . . 1 . Misfires 3 | . . . . . . . 2 . . . . . . . 1 . Misdirections 5 | . . . . . . . . . . . . . . . 5 . Targeting Errors 38 | . 1 . 3 . . 1 19 3 2 2 2 1 . 2 2 . Weapon Failures 12 | . 1 . 1 . . . 6 1 1 1 . 1 . . . . Overload Shots 38 | . . . . . . . . 35 1 2 . . . . . . Effects 2 | . . . . . . . . 2 . . . . . . . . Short Circuit 2 | . . . . . . . . 2 . . . . . . . . Overflow Damage 1456 | . . . 68 7 . . 1128 169 . 40 . . . . 34 10 Projectiles 1151 | . . . 68 7 . . 1066 . . . . . . . . 10 Explosions 231 | . . . . . . . 62 169 . . . . . . . . Melee 74 | . . . . . . . . . . 40 . . . . 34 . Knockbacks 29 | . . . . . . . 26 . . 2 . . . . 1 . Impact 3 | . . . . . . . . . . 2 . . . . 1 . Kinetic 22 | . . . . . . . 22 . . . . . . . . . Secondary 4 | . . . . . . . 4 . . . . . . . . . Self-Inflicted Damage 1078 | . 65 . 103 . . . 436 325 . 84 . . . . 49 16 Shots 19 | . 2 . 2 . . . 9 6 . . . . . . . . Rammed 18 | . . . . . . . . . . 8 . . . . 2 8 Targets Rammed 19 | . . . . . . . 1 . . 8 . . . . 2 8 Kicked . | . . . . . . . . . . . . . . . . . Crushed 1 | . . . . . . . 1 . . . . . . . . . Highest Temperature 574 | . 102 18 263 150 . 84 318 227 574 397 388 437 28 232 214 199 Average Temperature 84 | . 43 9 72 59 . 19 86 56 117 109 132 173 17 38 69 113 Received Heat Transfer 3776 | . 321 36 588 153 . 216 630 576 83 99 27 99 . 12 114 822 Effects 15 | . . . 1 . . . 1 . 3 6 2 2 . . . . Shutdowns 5 | . . . . . . . . . 2 . 2 1 . . . . Energy Bleed 5 | . . . 1 . . . 1 . 1 2 . . . . . . Interference 4 | . . . . . . . . . . 4 . . . . . . Damage (minor) 1 | . . . . . . . . . . . . 1 . . . . Siege Activations . | . . . . . . . . . . . . . . . . . Robots Corrupted 14 | . . . . 1 . . 4 2 . 3 1 . . . 1 2 Combat Hostiles 10 | . . . . 1 . . 2 2 . 2 1 . . . . 2 Parts Fried 61 | . 1 . 3 2 . . 20 4 6 16 1 . . . 5 3 Impact Corruptions 6 | . . . . . . . 2 . . 2 . . . . 2 . Robots Melted 3 | . . . . . . . . 2 1 . . . . . . . Combat Hostiles 3 | . . . . . . . . 2 1 . . . . . . . Parts Melted 40 | . . . 3 . . 2 3 17 3 4 3 1 . 3 1 . Heat Transferred 17132 | . 324 . 3367 999 . 925 1355 4738 500 1200 1100 700 310 600 755 259 Parts Sabotaged . | . . . . . . . . . . . . . . . . . Parts Stolen . | . . . . . . . . . . . . . . . . . Parts Stripped . | . . . . . . . . . . . . . . . . . Power Chain Reactions 22 | . 3 . . . . . 11 5 1 2 . . . . . . Missiles Intercepted . | . . . . . . . . . . . . . . . . . Alert | -11 -10 -10 -9 -9 -9 -8 -8 -7 -6 -5 -5 -5 -5 -4 -4 -3 ------- Run | Scr Mat Min Mat Min Exi Min Mat Fac Fac Fac Upp Upp Zhi Pro Fac Res Peak Influence 1249 | . 285 136 976 461 . 155 1249 1240 687 615 . . . . 326 182 Initial 579 | . . 11 . 366 . . . 567 579 223 . . . . . 127 Average 392 | . 102 66 470 246 . 40 505 772 551 411 . . . . 71 122 Maximum Alert Level 4 | . 1 . 3 2 . . 4 4 2 2 . . . . 1 . Low Security (%) 36 | 100 84 100 26 34 . 100 15 . . . . . . . 83 100 Level 1 21 | . 15 . 12 43 . . 46 . 1 52 . . . . 16 . Level 2 25 | . . . 46 22 . . 6 49 98 47 . . . . . . Level 3 13 | . . . 15 . . . 25 34 . . . . . . . . Level 4 3 | . . . . . . . 5 14 . . . . . . . . Level 5 . | . . . . . . . . . . . . . . . . . High Security . | . . . . . . . . . . . . . . . . . Max Security . | . . . . . . . . . . . . . . . . . Squads Dispatched 60 | . 5 . 13 . . . 13 10 7 5 . 1 . . 3 3 Investigation 28 | . 3 . 11 . . . 5 2 4 . . . . . 1 2 Extermination 7 | . . . . . . . . 3 1 1 . . . . 2 . Reinforcement 15 | . 2 . 2 . . . 3 2 2 3 . . . . . 1 Assault 5 | . . . . . . . 4 . . . . 1 . . . . Garrison 5 | . . . . . . . 1 3 . 1 . . . . . . Intercept . | . . . . . . . . . . . . . . . . . Construction Impeded 2 | . . . . . . . . 1 . 1 . . . . . . Haulers Reinforced 4 | . . . . . . . . 1 1 1 . . . . . 1 Stealth | -11 -10 -10 -9 -9 -9 -8 -8 -7 -6 -5 -5 -5 -5 -4 -4 -3 --------- Run | Scr Mat Min Mat Min Exi Min Mat Fac Fac Fac Upp Upp Zhi Pro Fac Res Distress Signals 7 | . 1 . 1 . . . 3 1 . . . . . . 1 . Communications Jammed . | . . . . . . . . . . . . . . . . . Distress Signals . | . . . . . . . . . . . . . . . . . Times Spotted 394 | . 31 12 70 14 . 9 89 31 18 32 4 16 . 6 34 28 Peak Tracking Total 16 | . 5 3 5 4 . 3 9 5 5 9 3 8 . 5 9 16 Tactical Retreats 56 | . 8 . 4 1 . 1 14 6 4 8 . 1 . 1 6 2 Traps | -11 -10 -10 -9 -9 -9 -8 -8 -7 -6 -5 -5 -5 -5 -4 -4 -3 ------- Run | Scr Mat Min Mat Min Exi Min Mat Fac Fac Fac Upp Upp Zhi Pro Fac Res Traps Triggered 15 | . 1 . 3 . . . 3 2 1 3 1 . . . 1 . Indirectly 2 | . . . 2 . . . . . . . . . . . . . Trap Hack Attempts . | . . . . . . . . . . . . . . . . . Triggered . | . . . . . . . . . . . . . . . . . Disarmed . | . . . . . . . . . . . . . . . . . Reprogrammed . | . . . . . . . . . . . . . . . . . Reused . | . . . . . . . . . . . . . . . . . Traps Extracted . | . . . . . . . . . . . . . . . . . Installed 1 | . . . . . . . . . . . . 1 . . . . Triggered 3 | . . . 1 . . . . . . . . 1 . . 1 . Exploded 1 | . . . . . 1 . . . . . . . . . . . Machines | -11 -10 -10 -9 -9 -9 -8 -8 -7 -6 -5 -5 -5 -5 -4 -4 -3 ---------- Run | Scr Mat Min Mat Min Exi Min Mat Fac Fac Fac Upp Upp Zhi Pro Fac Res Machines Disabled 45 | . . 1 3 . . 1 9 26 . 1 1 . . . 3 . Max in Single Turn 14 | . . 1 1 . . 1 4 14 . 1 1 . . . 1 . Garrison Access 1 | . . . . . . . 1 . . . . . . . . . Machines Sabotaged . | . . . . . . . . . . . . . . . . . Garrisons Compromised . | . . . . . . . . . . . . . . . . . Overloaded Fab Kills . | . . . . . . . . . . . . . . . . . Fab Network Shutdowns . | . . . . . . . . . . . . . . . . . Hacking | -11 -10 -10 -9 -9 -9 -8 -8 -7 -6 -5 -5 -5 -5 -4 -4 -3 --------- Run | Scr Mat Min Mat Min Exi Min Mat Fac Fac Fac Upp Upp Zhi Pro Fac Res Machines Accessed 76 | . 9 . 15 . 1 . 14 9 8 5 1 . 9 1 3 1 Terminals 37 | . 6 . 9 . . . 8 7 3 3 . . . 1 . . Fabricators 2 | . . . . . . . . 1 . . . . . . . 1 Repair Stations 10 | . 1 . 2 . . . 2 1 3 . . . . . 1 . Recycling Units 10 | . 2 . 2 . . . 2 . 2 1 . . . . 1 . Scanalyzers 4 | . . . 2 . . . 1 . . . . . . . 1 . Garrison Access 2 | . . . . . . . 1 . . 1 . . . . . . Total Hacks 304 | . 36 . 79 . 1 . 53 28 20 10 1 . 48 1 24 3 Successful 215 | . 27 . 56 . 1 . 38 9 10 3 1 . 48 1 21 . Failed 89 | . 9 . 23 . . . 15 19 10 7 . . . . 3 3 Catastrophic 15 | . . . 3 . . . 3 3 2 3 . . . . . 1 Database Lockouts . | . . . . . . . . . . . . . . . . . Manual 123 | . 19 . 41 . 1 . 26 17 8 4 . . 2 3 2 . Terminals 138 | . 27 . 44 . . . 29 21 9 7 . . . 1 . . Fabricators 8 | . . . . . . . . 5 . . . . . . . 3 Repair Stations 37 | . 2 . 8 . . . 12 2 6 . . . . . 7 . Recycling Units 32 | . 7 . 9 . . . 6 . 5 2 . . . . 3 . Scanalyzers 37 | . . . 18 . . . 5 . . . . . . . 14 . Garrison Access 2 | . . . . . . . 1 . . 1 . . . . . . Terminal Hacks 90 | . 7 . 14 . 1 . 10 2 3 3 1 . 48 1 . . Record 39 | . . . . . . . . . 1 1 . . 36 1 . . Part Schematic 4 | . . . . . . . . . . . . . 4 . . . Robot Analysis 5 | . . . . . . . 1 . . . . . 4 . . . Prototype ID Bank 11 | . 3 . 3 . . . 1 . . . . . 4 . . . Open Door 1 | . . . . . . . . . . . 1 . . . . . Branch Access Points 2 | . 1 . 1 . . . . . . . . . . . . . Emergency Access Points 4 | . . . 2 . . . 1 . 1 . . . . . . . Alert Level 6 | . 1 . 2 . . . 1 2 . . . . . . . . Unreport Threat 8 | . . . 2 . . . 3 . 1 2 . . . . . . Locate Traps 7 | . 2 . 4 . . . 1 . . . . . . . . . Zone Layout 2 | . . . . . . . 2 . . . . . . . . . EX-Prototype ID Bank 1 | . . . . . 1 . . . . . . . . . . . Fabricator Hacks 2 | . . . . . . . . 2 . . . . . . . . Load Schematic 1 | . . . . . . . . 1 . . . . . . . . Build 1 | . . . . . . . . 1 . . . . . . . . Repair Station Hacks 28 | . 2 . 6 . . . 12 . 2 . . . . . 6 . Scan Component 15 | . 1 . 4 . . . 6 . 1 . . . . . 3 . Repair 13 | . 1 . 2 . . . 6 . 1 . . . . . 3 . Recycling Unit Hacks 7 | . 2 . 2 . . . 1 . 1 . . . . . 1 . Report Inventory 7 | . 2 . 2 . . . 1 . 1 . . . . . 1 . Scanalyzer 33 | . . . 16 . . . 5 . . . . . . . 12 . Insert Component 15 | . . . 7 . . . 2 . . . . . . . 6 . Analyze 18 | . . . 9 . . . 3 . . . . . . . 6 . Garrison Access Hacks . | . . . . . . . . . . . . . . . . . Unauthorized Hacks 55 | . 16 . 18 . . . 10 5 4 . . . . . 2 . Terminals 34 | . 11 . 11 . . . 6 4 2 . . . . . . . Track 5 | . 3 . 2 . . . . . . . . . . . . . Assimilate 1 | . . . 1 . . . . . . . . . . . . . Botnet 20 | . 5 . 5 . . . 5 3 2 . . . . . . . Disrupt 3 | . 2 . 1 . . . . . . . . . . . . . Operators 5 | . 1 . 2 . . . 1 1 . . . . . . . . Fabricators 1 | . . . . . . . . 1 . . . . . . . . Siphon 1 | . . . . . . . . 1 . . . . . . . . Repair Stations . | . . . . . . . . . . . . . . . . . Recycling Units 18 | . 5 . 6 . . . 3 . 2 . . . . . 2 . Reject 8 | . 2 . 2 . . . 2 . 1 . . . . . 1 . Recyclers 7 | . 2 . 2 . . . 1 . 1 . . . . . 1 . Tunnel 3 | . 1 . 2 . . . . . . . . . . . . . Scanalyzers 1 | . . . 1 . . . . . . . . . . . . . Extract 1 | . . . 1 . . . . . . . . . . . . . Garrison Access 1 | . . . . . . . 1 . . . . . . . . . Reprogram 1 | . . . . . . . 1 . . . . . . . . . Data Cores Recovered 1 | . . . . . . . 1 . . . . . . . . . Used . | . . . . . . . . . . . . . . . . . Hacking Detections 60 | . 8 . 13 . . . 13 9 8 5 . . . . 3 1 Full Trace Events 24 | . 3 . 8 . . . 5 2 4 . . . . . 1 1 Feedback Events 2 | . 1 . . . . . . . 1 . . . . . . . Corruption 2 | . 1 . . . . . . . 1 . . . . . . . Feedback Blocked . | . . . . . . . . . . . . . . . . . Robot Schematics Acquired . | . . . . . . . . . . . . . . . . . Robots Built . | . . . . . . . . . . . . . . . . . Matter . | . . . . . . . . . . . . . . . . . Time . | . . . . . . . . . . . . . . . . . Total Robot Build Rating . | . . . . . . . . . . . . . . . . . Part Schematics Acquired 18 | . . . 7 . . . 2 . . . . . 4 . 5 . Parts Built 2 | . . . . . . . . 2 . . . . . . . . Matter 109 | . . . . . . . . 109 . . . . . . . . Time 73 | . . . . . . . . 73 . . . . . . . . Total Part Build Rating 6 | . . . . . . . . 6 . . . . . . . . Parts Repaired 13 | . 1 . 2 . . . 6 . 1 . . . . . 3 . Time 592 | . 26 . 70 . . . 272 . 35 . . . . . 189 . Parts Recycled . | . . . . . . . . . . . . . . . . . Recycled Matter . | . . . . . . . . . . . . . . . . . Retrieved Matter . | . . . . . . . . . . . . . . . . . Retrieved Components . | . . . . . . . . . . . . . . . . . Parts Scanalyzed 14 | . . . 6 . . . 2 . . . . . . . 6 . Part Schematics Acquired 13 | . . . 6 . . . 2 . . . . . . . 5 . Parts Damaged . | . . . . . . . . . . . . . . . . . Bothacking | -11 -10 -10 -9 -9 -9 -8 -8 -7 -6 -5 -5 -5 -5 -4 -4 -3 ------------ Run | Scr Mat Min Mat Min Exi Min Mat Fac Fac Fac Upp Upp Zhi Pro Fac Res Used RIF Installer . | . . . . . . . . . . . . . . . . . Robots Hacked . | . . . . . . . . . . . . . . . . . Non-combat . | . . . . . . . . . . . . . . . . . Combat . | . . . . . . . . . . . . . . . . . Robot Hacks Applied . | . . . . . . . . . . . . . . . . . Relay Couplers Released 5 | . . . . . . . 1 4 . . . . . . . . Machine Destruction 1 | . . . . . . . 1 . . . . . . . . . Programmers 4 | . . . . . . . . 4 . . . . . . . . Robots Rewired . | . . . . . . . . . . . . . . . . . Allies Hacked . | . . . . . . . . . . . . . . . . . Hacks Repelled . | . . . . . . . . . . . . . . . . . Allies | -11 -10 -10 -9 -9 -9 -8 -8 -7 -6 -5 -5 -5 -5 -4 -4 -3 -------- Run | Scr Mat Min Mat Min Exi Min Mat Fac Fac Fac Upp Upp Zhi Pro Fac Res Total Allies 3 | . . 3 . . . . . . . . . . . . . . Largest Group 3 | . . 3 2 . . . . . . . . . . . . . Highest-Rated Group 40 | . . 40 24 . . . . . . . . . . . . . Highest-Rated Ally 16 | . . 16 16 . . . . . . . . . . . . . Total Orders . | . . . . . . . . . . . . . . . . . Ally Attacks 23 | . . 14 9 . . . . . . . . . . . . . Total Damage 219 | . . 131 88 . . . . . . . . . . . . . Kills 4 | . . 2 2 . . . . . . . . . . . . . Allies Corrupted . | . . . . . . . . . . . . . . . . . Allies Melted . | . . . . . . . . . . . . . . . . . Intel | -11 -10 -10 -9 -9 -9 -8 -8 -7 -6 -5 -5 -5 -5 -4 -4 -3 ------- Run | Scr Mat Min Mat Min Exi Min Mat Fac Fac Fac Upp Upp Zhi Pro Fac Res Robot Analysis Total 5 | . . . . . . . 1 . . . . . 4 . . . Derelict Logs Recovered 6 | . . 1 . 1 . . . . . . 2 2 . . . . Drone Launches . | . . . . . . . . . . . . . . . . . Drone Recoveries . | . . . . . . . . . . . . . . . . . Exploration | -11 -10 -10 -9 -9 -9 -8 -8 -7 -6 -5 -5 -5 -5 -4 -4 -3 ------------- Run | Scr Mat Min Mat Min Exi Min Mat Fac Fac Fac Upp Upp Zhi Pro Fac Res Turns Passed 20579 | 5 1721 954 2862 1614 354 940 4183 2706 953 756 732 398 353 411 1206 431 Spaces Moved 13569 | 1 1000 722 1248 819 231 516 1751 1033 1159 1013 1304 690 261 744 811 266 Core 9 | . . . . . . . 1 . . . . . 1 . . 7 Treads 4720 | . 247 25 1221 818 . . 1307 1033 63 . . . . . . 6 Legs 789 | . . . . 1 231 516 41 . . . . . . . . . Wheels 1880 | 1 753 697 27 . . . 402 . . . . . . . . . Hover 6171 | . . . . . . . . . 1096 1013 1304 690 260 744 811 253 Flight . | . . . . . . . . . . . . . . . . . Fastest Speed 38 | 90 90 120 120 160 150 120 120 170 38 43 45 45 48 48 48 46 Average Speed 110 | 90 132 122 166 175 150 149 166 174 58 46 45 47 120 49 66 59 Slowest Speed 1050 | 90 200 200 200 240 150 150 700 210 230 106 48 48 1050 220 108 300 Overloaded Moves . | . . . . . . . . . . . . . . . . . Propulsion Burnouts . | . . . . . . . . . . . . . . . . . Robots Hopped . | . . . . . . . . . . . . . . . . . Cave-ins Triggered 1 | . . . . . . . 1 . . . . . . . . . Teleports 1 | . . . . . . . . . . . . . 1 . . . Exploration Rate (%) 62 | 2 100 100 82 93 61 95 89 25 29 31 98 91 63 80 17 6 Regions Visited 16 Branch Regions 8 Pre-discovered Areas 9 | . 1 2 2 . . . . . . . 1 . 3 . . . Known Exits Taken 5 | . 1 . 1 . . 1 . 1 . 1 . . . . . . Unknown Exits Taken 11 | 1 . 1 . 1 1 . 1 . 1 . 1 1 1 1 1 . Scrap Searched 10 | . . 1 . 1 . 1 . . . . 3 2 . 2 . . Spaces Dug . | . . . . . . . . . . . . . . . . . Terrain Destroyed 281 | . 27 22 42 . . . 63 108 5 6 . . . 3 2 3 Melee . | . . . . . . . . . . . . . . . . . Projectile 19 | . . . . . . . 10 1 . . . . . 3 2 3 AOE 262 | . 27 22 42 . . . 53 107 5 6 . . . . . . Terrain Rammed . | . . . . . . . . . . . . . . . . . Walls Destroyed . | . . . . . . . . . . . . . . . . . Machines Disabled . | . . . . . . . . . . . . . . . . . Actions | -11 -10 -10 -9 -9 -9 -8 -8 -7 -6 -5 -5 -5 -5 -4 -4 -3 --------- Run | Scr Mat Min Mat Min Exi Min Mat Fac Fac Fac Upp Upp Zhi Pro Fac Res Total 17974 | 5 1254 765 1770 933 242 632 2850 1801 1381 1219 1411 739 293 764 1417 498 Wait 3008 | . 146 17 285 54 3 76 861 628 108 68 47 13 . 1 515 186 Move 13550 | . 999 721 1247 818 230 515 1750 1032 1157 1012 1303 689 260 743 809 265 Hop . | . . . . . . . . . . . . . . . . . Pick Up 151 | . 11 4 21 9 1 2 34 18 15 14 3 6 . 1 11 1 Fast Attach 131 | . 5 1 10 5 . 3 25 11 16 18 5 1 11 . 12 8 Attach 95 | . 3 1 5 4 2 1 18 11 9 14 6 4 1 . 11 5 Detach 34 | . 2 . 2 . . 1 12 . 5 3 4 . 1 . 1 3 Swap 134 | 2 9 5 25 3 . 6 23 13 12 15 5 4 . 1 10 1 Drop 204 | 3 5 3 35 6 6 4 45 26 24 12 6 5 8 1 12 3 Fire 608 | . 74 13 140 34 . 24 81 62 26 43 20 13 11 17 33 17 Melee . | . . . . . . . . . . . . . . . . . Ram 13 | . . . . . . . . . . 8 . . . . 2 3 Kick . | . . . . . . . . . . . . . . . . . Crush 6 | . . . . . . . 1 . . . . . . . . 5 Escape Stasis 23 | . . . . . . . . . 9 12 . . . . 1 1 Rewire 16 | . . . . . . . . . . . 12 3 1 . . . Trap 1 | . . . . . . . . . . . . 1 . . . . Miscellaneous . | . . . . . . . . . . . . . . . . . Route ------- -11/Scrapyard -10/Materials (discovered 5 exits: *Mat x3 / *Min x2) -10/Mines (discovered 2 exits: *Mat x2) -9/Materials (discovered 6 exits: *Mat x2 / *Min x2 / *Sto x2) -9/Mines (discovered 4 exits: *Mat x2 / *Exi / [*Zio]) -9/Exiles (discovered 2 exits: [*Min x2]) -8/Mines (discovered 2 exits: *Mat x2) -8/Materials (discovered 3 exits: *Fac x3) -7/Factory -6/Factory -5/Factory -5/Upper Caves -5/Upper Caves (discovered 2 exits: *Fac / *Zhi) -5/Zhirov -4/Proximity Caves -4/Factory -3/Research History --------- Turn | Location | Event 6 | -11/Scrapyard | Discovered new exit (range 0) 6 | -11/Scrapyard | Entered Materials 157 | -10/Materials | Discovered new exit (range 3) 316 | -10/Materials | Build established: Mutant 561 | -10/Materials | Discovered new exit (range 14) 606 | -10/Materials | Discovered new exit (range 3) 691 | -10/Materials | Lost 3 parts (2n1w) 834 | -10/Materials | Identified exit to Mines 864 | -10/Materials | Discovered new exit (range 16) 1304 | -10/Materials | Repaired Lgt. Treads 1727 | -10/Materials | Entered Mines 1804 | -10/Mines | Discovered new exit (range 11) 1812 | -10/Mines | Received a Rocket Launcher from a helpful Derelict 1890 | -10/Mines | Assembled infested the area 2008 | -10/Mines | Learned location of Storage (-9) 2042 | -10/Mines | Core integrity fell below 50% 2148 | -10/Mines | Assisted by bots powering up and referring to "LRC-V3" 2647 | -10/Mines | Discovered new exit (range 10) 2681 | -10/Mines | Entered Materials 2681 | -9/Materials | Accompanied by 2 allies 2681 | -9/Materials | Evolved 2 slots: Propulsion x1, Utility x1 2782 | -9/Materials | Lost 4 parts (2n2w) 2833 | -9/Materials | Discovered new exit (range 12) 3312 | -9/Materials | Discovered new exit (range 14) 3541 | -9/Materials | Discovered new exit (range 15) 3702 | -9/Materials | Repaired Imp. Heat Sink 3858 | -9/Materials | Repaired Adv. Beam Cannon 3990 | -9/Materials | Build established: Scavenger-Mutant 3995 | -9/Materials | Discovered new exit (range 15) 4479 | -9/Materials | Discovered new exit (range 16) 4641 | -9/Materials | Build established: Mutant 4892 | -9/Materials | Discovered new exit (range 5) 5004 | -9/Materials | Identified exit to Mines 5004 | -9/Materials | Identified exit to Storage 5543 | -9/Materials | Entered Mines 5717 | -9/Mines | Discovered new exit (range 10) 5824 | -9/Mines | A Derelict revealed a hidden shortcut to a safe place 5877 | -9/Mines | Learned Materials stockpile data 6349 | -9/Mines | Deemed a non-threat by the Exiles lab entrance 6351 | -9/Mines | Discovered new exit (range 5) 6631 | -9/Mines | Build established: Scavenger-Mutant 6717 | -9/Mines | Discovered new exit (range 8) 7157 | -9/Mines | Entered Exiles 7177 | -9/Exiles | Discovered new exit (range 15) 7217 | -9/Exiles | Met 8R-AWN 7241 | -9/Exiles | Met EX-HEX 7289 | -9/Exiles | Met EX-BIN 7309 | -9/Exiles | Aligned with FarCom system 7310 | -9/Exiles | Given EX-Vault access code 7348 | -9/Exiles | Opened EX-Vault 7365 | -9/Exiles | Found AWS/Autocannon 7397 | -9/Exiles | Warned to stay clear of 0b10 Research branches 7415 | -9/Exiles | Exiles lab attacked by MAIN.C 7495 | -9/Exiles | Discovered new exit (range 14) 7511 | -9/Exiles | Left Exiles lab with AWS/Autocannon 7511 | -9/Exiles | Entered Mines 7536 | -8/Mines | Discovered new exit (range 10) 7556 | -8/Mines | Identified exit to Materials 7735 | -8/Mines | Discovered exit to Materials (range 11) 7891 | -8/Mines | Core integrity fell below 50% 8451 | -8/Mines | Entered Materials 8451 | -8/Materials | Evolved 2 slots: Utility x1, Weapon x1 8758 | -8/Materials | Build established: Scavenger-Skirmisher 9157 | -8/Materials | Crushed by falling debris 9299 | -8/Materials | Discovered new exit (range 17) 10144 | -8/Materials | Repaired Arm. Treads 10745 | -8/Materials | Repaired Arm. Treads 10807 | -8/Materials | Repaired Hvy. EM Shotgun 10868 | -8/Materials | Repaired Hvy. EM Shotgun 11113 | -8/Materials | Build established: Skirmisher 11160 | -8/Materials | Garrison activated, responded to threat 11651 | -8/Materials | First assault squad dispatched 11792 | -8/Materials | Repaired Arm. Treads 11835 | -8/Materials | Repaired Hrd. Medium Armor Plating 12050 | -8/Materials | Discovered new exit (range 7) 12150 | -8/Materials | Discovered new exit (range 4) 12634 | -8/Materials | Entered Factory 12634 | -7/Factory | Evolved 2 slots: Propulsion x1, Utility x1 13137 | -7/Factory | Fabricated Arm. Treads (x2) 14318 | -7/Factory | Discovered new exit (range 13) 14366 | -7/Factory | Identified exit to Factory 14754 | -7/Factory | Garrison activated, responded to threat 14988 | -7/Factory | Lost 9 parts (1p3n1u4w) 14992 | -7/Factory | Destroyed 7 combat bots 15202 | -7/Factory | Build established: Mutant 15340 | -7/Factory | Entered another Factory area 15340 | -6/Factory | Evolved 2 slots: Power x1, Utility x1 15851 | -6/Factory | Build established: Tank 16051 | -6/Factory | Repaired Prc. Shock Rifle 16169 | -6/Factory | Discovered new exit (range 5) 16293 | -6/Factory | Entered another Factory area 16293 | -5/Factory | Evolved 2 slots: Utility x2 16493 | -5/Factory | Lost 3 parts (1u2w) 16708 | -5/Factory | Lost 3 parts (2u1w) 16822 | -5/Factory | Garrison activated, responded to threat 16918 | -5/Factory | Destroyed 7 combat bots 16918 | -5/Factory | Discovered new exit (range 15) 16922 | -5/Factory | Lost 6 parts (1p2n2u1w) 16970 | -5/Factory | Identified exit to Upper Caves 17049 | -5/Factory | Entered Upper Caves 17232 | -5/Upper Caves | Learned Factory terminal intel 17278 | -5/Upper Caves | Discovered new exit (range 14) 17299 | -5/Upper Caves | Attacked by a delusional Derelict stockpiling parts 17390 | -5/Upper Caves | Encountered a Warlord checkpoint 17781 | -5/Upper Caves | Entered another Upper Caves area 17783 | -5/Upper Caves | Attracted the attention of an 0b10 checkpoint 17846 | -5/Upper Caves | Discovered new exit (range 15) 18025 | -5/Upper Caves | Learned 4 Factory zone layouts 18101 | -5/Upper Caves | Encountered a Warlord checkpoint 18137 | -5/Upper Caves | Build established: Scavenger-Tank 18145 | -5/Upper Caves | Discovered new exit (range 8) 18167 | -5/Upper Caves | Attracted the attention of an 0b10 outpost 18179 | -5/Upper Caves | Entered Zhirov 18179 | -5/Zhirov | Discovered new exit (range 3) 18188 | -5/Zhirov | Met Zhirov 18209 | -5/Zhirov | Learned location of Quarantine (-3) 18209 | -5/Zhirov | Learned location of Testing (-2) 18209 | -5/Zhirov | Learned location of Command (-1) 18212 | -5/Zhirov | Zhirov requested help retrieving the SGEMP Prototype 18223 | -5/Zhirov | Found Alien Artifact 18223 | -5/Zhirov | Identified Integrated Reactor 18223 | -5/Zhirov | Installed Integrated Reactor, increased core energy generation (+10) 18233 | -5/Zhirov | Found Alien Artifact 18233 | -5/Zhirov | Identified Transdimensional Reconstructor 18233 | -5/Zhirov | Warped through subspace 18468 | -5/Zhirov | Build established: Scavenger-Mutant 18532 | -5/Zhirov | Entered Proximity Caves 18619 | -4/Proximity Caves | Spotted B-86 Titan 18931 | -4/Proximity Caves | Discovered new exit (range 13) 18943 | -4/Proximity Caves | Entered Factory 18943 | -4/Factory | Evolved 2 slots: Utility x1, Weapon x1 18945 | -4/Factory | Loaded intel: 22 terminal locations 19019 | -4/Factory | Repaired Cmb. Airjet 19110 | -4/Factory | Repaired Cld. Gravmag System 19162 | -4/Factory | Repaired Plasma Rifle 19240 | -4/Factory | Build established: Scavenger-Skirmisher 19869 | -4/Factory | Lost 3 parts (2u1w) 20044 | -4/Factory | System corruption reached 10% 20078 | -4/Factory | Lost 6 parts (1u5w) 20136 | -4/Factory | Discovered new exit (range 5) 20149 | -4/Factory | Entered Research 20149 | -3/Research | Evolved 2 slots: Propulsion x1, Utility x1 20326 | -3/Research | Build established: Scavenger-Mutant 20557 | -3/Research | Core integrity fell below 50% 20575 | -3/Research | Core integrity fell below 20% 20580 | -3/Research | Destroyed by G-67 Veteran with Plasma Rifle Last Messages --------------- 20540_ Acquired Hvy. Treads. 20544_ Cmb. Gravmag System destroyed. 20548_ Slammed into G-67 Veteran. 20551_ Slammed into G-73 Enforcer. 20554_ Slammed into G-67 Veteran. 20558_ Hvy. Treads destroyed. 20561_ P-80 Master resets H-77 Assassin, system corruption cleaned. 20563_ W-44 Eye destroyed. 20564_ K-01 Serf collects debris. 20565_ K-01 Serf destroyed. 20569_ R-10 Processor collects Med. Matter Pod. 20569_ K-01 Serf collects debris. 20571_ R-10 Processor collects Antigrav System. 20573_ K-01 Serf destroyed. 20573_ R-10 Processor collects Wheel. 20574_ K-01 Serf collects debris. 20576_ R-10 Processor collects Wheel. 20578_ K-01 Serf collects debris. 20579_ Enh. Optical Array destroyed. 20579_ R-10 Processor collects Lgt. Ion Engine. Map ----- +----------------------------------------------------+ | #?????# ## #????????????????????????????? | | #?????# ## #????????????????????????????? | | #?????# ## #????????????????????????????? | | #?????# ## #????????????????????????????? | | ##?????# ## #????????????????????????????? | | ???????# ## #????????????????????????????? | | ???????# ## #????????????????????????????? | | ???????# ## #????????????????????????????? | | ???????# ## #????????????????????????????? | | ???????# ## ##############???????????????? | | ???????# ## # #???????????????? | | ???????# ## # #???????????????? | | ???????# ## # #???????????????? | | ???????######### # #???????????????? | | ???????????????# # #???????????????? | | ????????########h # #???????????????? | | ????????# # #???????????????? | | ????????# # #???????????????? | | ???????## g/ #???????????????? | | g# #???????????????? | | ##########+##### # #???????????????? | | ???????????????# g g# #???????????????? | | ???? ??????# ug######################## ???? | | ??? # g gg * R ??? | | ????? gR ggp g ??? | | ???????????????# ugR @ k ??? | | ???????????????#! * g ??? | | ???????????????##+###################+#####??????? | | ???????????????? ???????????????????????????????? | | ??????????????? ???????????????????????????????? | | ??????????????""" ???????????????????????????????? | | ????????????? """ ????????????????????????Y??????? | | ???????????? """ ???????????????????????????????? | | ???????????# """ ???????????????????????????????? | | ???????????# ?"" ???????????????????????????????? | | ???????????+???? ????????????????????????????????? | | ???????????????? ????????????????????????????????? | | ?????????????????????????????????????????????????? | | ?????????????????????????????????????????????????? | | ?????????????????????????????????????????????????? | | ?????????????????????????????????????????????????? | | ?????????????????????????????????????????????????? | | ?????????????????????????????????????????????????? | | ?????????????????????????????????????????????????? | | ?????????????????????????????????????????????????? | | ?????????????????????????????????????????????????? | | ?????????????????????????????????????????????????? | | ?????????????????????????????????????????????????? | | ?????????????????????????????????????????????????? | | ?????????????????????????????????????????????????? | +----------------------------------------------------+ Best States ------------- Heat Dissipation 122 Coolant Potential 100 Energy Generation 51 Energy Capacity 520 Matter Stores 300 Matter Capacity 300 Sight Range 22 Robot Scan Range 10 Terrain Scan Range 14 Terrain Scan Density 10 Armor Coverage 225 Resistance: KI 25 Resistance: TH 30 Resistance: EM 25 Propulsion Shielding 90 Weapon Cycling 20 Phase Shifting 10 Evasion (%) 76 Targeting Accuracy 8 Recoil Reduction 4 Energy Filtering 50 Particle Charging 20 Offensive Hacking 20 Defensive Hacking 10 Item Schematics ----------------- Cmb. Airjet | -9/Materials | Scanalyzed Adv. Beam Cannon | -9/Materials | Scanalyzed Hvy. EM Pulse Gun | -9/Materials | Scanalyzed Cld. Ion Engine | -9/Materials | Scanalyzed Imp. Medium Laser | -9/Materials | Scanalyzed Lgt. Treads | -9/Materials | Scanalyzed Targeting Computer | -9/Materials | Extracted Arm. Treads | -8/Materials | Scanalyzed Deuterium Engine | -8/Materials | Scanalyzed Assault Drone Bay | -5/Zhirov | Free Exp. Heat Sink | -5/Zhirov | Free Exp. Optical Array | -5/Zhirov | Free Imp. Arc Thrower | -5/Zhirov | Free Tesla Rifle | -4/Factory | Scanalyzed Imp. Recalibrator | -4/Factory | Scanalyzed Phase Gun | -4/Factory | Scanalyzed Exp. Propulsion Shielding | -4/Factory | Scanalyzed Antigrav System | -4/Factory | Scanalyzed Robot Schematics ------------------ None Fabricated ------------ Arm. Treads | x2 | -7/Factory Alien Tech Used ----------------- Integrated Reactor Transdimensional Reconstructor Achievements -------------- Alien Tech Dangerous Findings Dodgeball, But With Guns Leap Before You Look Subspace Traveler The Science Guy Challenges ------------ None Game ------ Seed DisruptionEnergySuite Manual? 0 Play Time 04:16:56 Cumulative 93.4 hours Start 2022.01.22 @ 04:22:16 End 2022.01.22 @ 21:47:28 Sessions 5 Manual Loads 0 Difficulty Rogue Special Mode None Game No. 53 Rogue 53 Adventurer 0 Explorer 0 Win Type - Total 0 Types 0/0/0/0/0/0/0/0/0 Lore% 42 Gallery% 38 Achievement% 32 Wizard Run 0 Options --------- ASCII 0 Keyboard 0 Movement Numpad Keybinds 0 Fullscreen 2 Font 24/Smallcaps Map View 76x50 Tactical HUD 1 Map Filters NONE Filters NONE Steam 1 RUN: 57ae8d0a-3f4e-46cf-aebb-f915069bc88c